 Dungeon Sprint DCSS version 0.18-a0-1078-gebb93d0 (webtiles) character file.

627 Ace the Protected (level 7, 23/73 HPs)
             Began as a Deep Dwarf Fighter on Jan 15, 2016.
             Was an Initiate of Okawaru.
             Quit the game in the Dungeon (Sprint I: "Red Sonja").
             The game lasted 00:01:43 (505 turns).

Ace the Protected (Deep Dwarf Fighter)               Turns: 505, Time: 00:01:43

Health: 23/73      AC:  8    Str: 27    XL:     7   Next: 23%
Magic:  7/7        EV:  9    Int:  8    God:    Okawaru [......]
Gold:   102        SH: 12    Dex: 12    Spells: 0 memorised, 6 levels left

rFire  . . .     SeeInvis +     a - +0 flail
rCold  . . .     Gourm    .     b - +0 scale mail
rNeg   . . .     Faith    .     c - +0 shield
rPois  .         Spirit   .     (no helmet)
rElec  .         Dismiss  .     (no cloak)
rCorr  .         Reflect  .     (no gloves)
SustAt .         Harm     .     (no boots)
MR     +....     NoTele   +     (no amulet)
Stlth  ..........               (no ring)
                                k - ring of see invisible

@: mighty, mildly poisoned (23 -> 23), non-regenerating, slowed, very slow,
somewhat resistant to hostile enchantments, extremely unstealthy
A: damage resistance, recharge devices, sense surroundings 1, slow regeneration
3
a: Device Recharging, Renounce Religion


You were in the Dungeon.
You worshipped Okawaru.
Okawaru was noncommittal.
You were not hungry.

You visited 1 branch You collected 297 gold pieces.
You spent 195 gold pieces at shops.

Inventory:

Hand Weapons
 a - a +0 flail (weapon)
Armour
 b - a +0 scale mail (worn)
 c - a +0 shield (worn)
Jewellery
 k - a ring of see invisible (left hand)
Wands
 e - a wand of heal wounds (2/9)
Scrolls
 g - a scroll of amnesia {unknown}
 l - a scroll of blinking
Potions
 h - a potion of heal wounds
 i - a potion of haste
 j - 2 potions of magic
Comestibles
 f - a bread ration


   Skills:
 + Level 7.7 Fighting
 + Level 8.1 Maces & Flails
 + Level 9.3 Armour
 + Level 9.3 Shields


You had 6 spell levels left.
You didn't know any spells.

Dungeon Overview and Level Annotations

Branches:
Dungeon (1/1)

Altars:
Cheibriados
Dithmenos
Elyvilon
Fedhas
Gozag
Kikubaaqudgha
Makhleb
Nemelex Xobeh
Okawaru
Pakellas
Qazlal
Ru
Sif Muna
Trog
Vehumet
Xom
Yredelemnul
Zin
The Shining One
Jiyva

Shops:
D =

Annotations:
D Sonja


Innate Abilities, Weirdness & Mutations

You are resistant to damage.
You can recharge devices by infusing magical energy.
You passively map a small area around you.
You do not regenerate naturally.


Message History

You open the door.
Sonja, the Graceful Assassin comes into view.
She is wielding a short sword of distortion.
Found 108 gold pieces.
There is an open door here.
Drink which item? (? for menu, Esc to quit)
You feel very mighty all of a sudden. Sonja closely misses you.
Sonja hits you with a short sword of distortion.
Space warps horribly around you!
Sonja hits you with a short sword of distortion.
Sonja casts a spell.
Sonja blinks!
Sonja unwields an uncursed short sword of distortion.
Its appearance distorts for a moment.
Sonja wields a blowgun.
Sonja shoots a curare-tipped needle.
The curare-tipped needle hits you.
You are poisoned.
You have difficulty breathing.
You feel yourself slow down.
You see here a curare-tipped needle.
Unknown command.
Are you sure you want to abandon this character and quit the game? (Confirm with "yes".)

###################* *
* #<.#..)..#..'..#__#,
, #..'..#..)..#..'..+
, #..#####'#####'#__#
* *
#..####..#...#.####(§*
, #..#__####..##K#§≈§§
* #..#_.___##'#..+§§≈§
, ,
#⌠⌠#_.∩...'..._#§§≈§,*
, ####_..._##_@#'#*+ #
* *, #_____###'#.# , ,
#######*#.### , ,
,,+$.$ , , + + *#$.$#
* * * , ##.##*,, , , ,
, ,* #+# , * , , , , ,


You could see Sonja.

Vanquished Creatures
  A slime creature (D)
  Sigmund (D)
  A yak (D)
  An ogre (D)
  A jelly (D)
  Ijyb (D)
6 creatures vanquished.

Notes
Turn   | Place    | Note
--------------------------------------------------------------
     0 | D        | Ace the Deep Dwarf Fighter began the quest for the Orb.
     0 | D        | Reached XP level 1. HP: 20/20 MP: 1/1
     2 | D        | Noticed Ijyb
    11 | D        | Killed Ijyb
    11 | D        | Reached skill level 4 in Armour
    11 | D        | Reached XP level 2. HP: 27/30 MP: 2/2
   108 | D        | Noticed an ogre
   113 | D        | Killed an ogre
   113 | D        | Reached skill level 5 in Maces & Flails
   113 | D        | Reached skill level 6 in Armour
   113 | D        | Reached skill level 5 in Shields
   113 | D        | Reached XP level 3. HP: 38/38 MP: 3/3
   113 | D        | Reached XP level 4. HP: 45/45 MP: 4/4
   152 | D        | Noticed Sigmund
   181 | D        | Killed Sigmund
   181 | D        | Reached skill level 7 in Armour
   181 | D        | Reached XP level 5. HP: 11/55 MP: 5/5
   200 | D        | Found a deep blue altar of Sif Muna.
   202 | D        | Found a radiant altar of Vehumet.
   206 | D        | Reached XP level 6. HP: 58/63 MP: 6/6
   231 | D        | Found Ycvys's Jewellery Emporium.
   231 | D        | Found a white marble altar of Elyvilon.
   231 | D        | Found a stormy altar of Qazlal.
   231 | D        | Found a burning altar of Makhleb.
   231 | D        | Found a sacrificial altar of Ru.
   231 | D        | Found an oddly glowing altar of Pakellas.
   231 | D        | Found a basalt altar of Yredelemnul.
   231 | D        | Found a glowing golden altar of the Shining One.
   231 | D        | Found a sparkling altar of Nemelex Xobeh.
   231 | D        | Found a shimmering altar of Xom.
   231 | D        | Found an opulent altar of Gozag.
   231 | D        | Found an ancient bone altar of Kikubaaqudgha.
   231 | D        | Found a glowing silver altar of Zin.
   231 | D        | Noticed a yak
   242 | D        | Killed a yak
   242 | D        | Reached skill level 8 in Armour
   243 | D        | Found an iron altar of Okawaru.
   244 | D        | Found a bloodstained altar of Trog.
   361 | D        | Became a worshipper of Warmaster Okawaru
   365 | D        | Bought an uncursed ring of see invisible for 195 gold pieces
   383 | D        | Found a snail-covered altar of Cheibriados.
   383 | D        | Found a viscous altar of Jiyva.
   383 | D        | Found a shadowy altar of Dithmenos.
   383 | D        | Found a blossoming altar of Fedhas.
   383 | D        | Noticed a slime creature
   395 | D        | Killed a slime creature
   395 | D        | Reached skill level 9 in Armour
   395 | D        | Reached XP level 7. HP: 25/73 MP: 7/7
   501 | D        | Noticed Sonja
   505 | D        | Quit the game

Vault maps used:
D:        dungeon_sprint_1

Action                   |  1- 3 |  4- 6 |  7- 9 || total
-------------------------+-------+-------+-------++-------
Melee: Flail             |    12 |    47 |       ||    59
Evoke: Wand              |       |     2 |     1 ||     3
  Use: Potion            |     1 |     1 |     1 ||     3
       Scroll            |       |       |     1 ||     1
